 Dungeon Crawl Stone Soup version 0.30-a0-808-g6e0788376e (webtiles) character file.

Game seed: 17555666202557373251

2602 cheesebisquit the Geomancer (level 9, -7/45 HPs)
             Began as a Gargoyle Earth Elementalist on Feb 27, 2023.
             Mangled by a freezing wraith (12 damage)
             ... led by a death knight
             ... on level 8 of the Dungeon.
             The game lasted 00:24:48 (6384 turns).

cheesebisquit the Geomancer (GrEE)                  Turns: 6384, Time: 00:24:48

Health: -7/45      AC: 14    Str: 11    XL:     9   Next: 59%
Magic:  16/19      EV: 11    Int: 21    God:
Gold:   576        SH:  0    Dex: 14    Spells: 18/22 levels left

rFire   + + .      SeeInvis .    p - +7 whip "Veoduk" {drain, Dex+4}
rCold   . . .      Faith    .    (no shield)
rNeg    + . .      Spirit   .    r - +2 leather armour of Giump {rF+ Regen+}
rPois   ∞          Reflect  .    (no helmet)
rElec   +          Harm     .    y - +2 cloak
rCorr   .          Rampage  .    (no gloves)
Will    .....                    (no boots)
Stlth   ++                       l - amulet of regeneration
HPRegen 1.87/turn                c - ring of protection from fire
MPRegen 0.16/turn                (no ring)

@: about to teleport, hasted and slowed
A: sickness immunity, AC +6, negative energy resistance 1, electricity
resistance, torment resistance 1, petrification resistance
a: no special abilities


You were on level 8 of the Dungeon.
You visited 2 branches of the dungeon, and saw 9 of its levels.
You also visited: Ossuary.

You collected 604 gold pieces.
You spent 28 gold pieces at shops.

Inventory:

Hand Weapons
 p - the +7 whip "Veoduk" (weapon) {drain, Dex+4}
   (You found it on level 3 of the Dungeon)

   Dex:       It affects your dexterity (+4).
 t - a +1 morningstar of draining
Missiles
 e - 26 poisoned darts
Armour
 a - +0 steam dragon scales
 r - the +2 leather armour of Giump (worn) {rF+ Regen+}
   (You found it on level 4 of the Dungeon)

   rF:        It protects you from fire.
   Regen:     It increases your rate of health regeneration.
 y - a +2 cloak (worn)
 D - a +0 kite shield
Jewellery
 c - a ring of protection from fire (left hand)
 l - an amulet of regeneration (around neck)
Wands
 B - a wand of flame (8)
Scrolls
 d - 2 scrolls of poison
 g - 3 scrolls of enchant weapon
 i - 2 scrolls of fear
 j - 5 scrolls of teleportation
 k - a scroll of fog
 m - a scroll of silence {unknown}
 u - 2 scrolls of brand weapon
 w - a scroll of blinking {unknown}
 x - 2 scrolls of magic mapping
 z - a scroll of noise {unknown}
 A - a scroll of amnesia {unknown}
 C - a scroll of identify
Potions
 b - a potion of magic
 f - 9 potions of curing
 h - 4 potions of mutation
 n - 3 potions of haste
 o - 2 potions of ambrosia
 q - 4 potions of lignification
 s - 3 potions of flight
 v - 3 potions of brilliance


   Skills:
 + Level 6.6 Maces & Flails
 - Level 1.5 Dodging
 - Level 2.1 Stealth
 + Level 7.2 Spellcasting
 - Level 0.7 Transmutations
 + Level 9.9 Earth Magic


You had 18 spell levels left.
You knew the following spells:

 Your Spells              Type           Power      Damage    Failure   Level
a - Sandblast             Erth           98%        2d20      1%          1
b - Stone Arrow           Conj/Erth      56%        3d10      4%          3

Your spell library contained the following spells:

 Spells                   Type           Power      Damage    Failure   Level
 Passwall                 Tmut/Erth      24%        N/A       1%          2
 Magic Dart               Conj           28%        1d4       12%         1
 Shock                    Conj/Air       28%        1d4       12%         1
 Petrify                  Tmut/Erth      29%        N/A       13%         4
 Searing Ray              Conj           14%        2d5       17%         2
 Swiftness                Air            7%         N/A       34%         3
 Airstrike                Air            3%         2d(1-17)  75%         4
 Fulminant Prism          Conj/Hex       3%         3d5       75%         4


Dungeon Overview and Level Annotations

Branches:
Dungeon (8/15)             Temple (1/1) D:5         Ossuary (visited)
   Lair: D:8-11

Altars:
Ashenzari
Cheibriados
Dithmenos
Elyvilon
Fedhas
Hepliaklqana
Makhleb
Nemelex Xobeh
Ru
Sif Muna
Trog
Uskayaw
Vehumet
Xom
Yredelemnul
Zin
The Shining One

Shops:
D:2 (   D:6 ?   D:7 [

Annotations:
D:5 2 transporters


Innate Abilities, Weirdness & Mutations

You are immune to sickness and miasma.
Your stone body is resilient. (AC +6)
You are immune to poison.
You resist negative energy. (rN+)
You are resistant to electric shocks. (rElec)
You are resistant to unholy torment.
You are immune to petrification.


Message History

You kill the orc!
A white imp comes into view.
Found 6 gold pieces.
The blast of sand hits the white imp!
You kill the white imp!
You now have 558 gold pieces (gained 6).
You now have 576 gold pieces (gained 18).
Found a radiant altar of Vehumet.
A freezing wraith comes into view.
The blast of sand hits the freezing wraith but does no damage.
The blast of sand hits the freezing wraith but does no damage.
The blast of sand hits the freezing wraith but does no damage.
The freezing wraith hits you. The freezing wraith freezes you!
The freezing wraith hits you but does no damage.
You hit the freezing wraith but do no damage.
The freezing wraith hits you but does no damage. x2
You barely miss the freezing wraith. The freezing wraith barely misses you.
The freezing wraith hits you but does no damage.
The blast of sand hits the freezing wraith.
The freezing wraith is lightly damaged.
The freezing wraith hits you but does no damage. x2
You hit the freezing wraith but do no damage.
The freezing wraith is lightly damaged.
The freezing wraith hits you! The freezing wraith freezes you!!
* * * LOW HITPOINT WARNING * * *
The freezing wraith barely misses you.
You are too injured to fight recklessly!
You feel much better. The freezing wraith hits you.
The freezing wraith freezes you!
* * * LOW HITPOINT WARNING * * *
The freezing wraith hits you.
* * * LOW HITPOINT WARNING * * *
The freezing wraith drains your vigour!
You feel yourself slow down.
You feel yourself speed up.
The freezing wraith hits you but does no damage. x2
As you read the scroll of teleportation, it crumbles to dust.
You feel strangely unstable. The freezing wraith hits you!
* * * LOW HITPOINT WARNING * * *
The freezing wraith freezes you!
You die...

#.#......#...
#..#....#....
#...#..#..... ###
##...##.....# ..#
##...##.....# #.#
#..#..##..###
..######.#
#.#.#.##.## #
....?..#.###..#..##.#
#W@...##....##.
#.....#.....##. ...
#...#...#...# .##
#..#.#...#..#
#...#.....#.#
..##...##....# _.#
########### ..


You could see a freezing wraith.

Vanquished Creatures
  Maggie (D:7)
  A troll (D:7)
  A wyvern (D:7)
  An acid dragon (D:7)
  A water moccasin (D:5)
  A sky beast (D:7)
  An ice beast (D:7)
  A centaur (D:5)
  2 ogres (D:6)
  A phantom (D:5)
  A gnoll sergeant (D:7)
  2 bullfrogs
  3 scorpions
  A necrophage (D:4)
  A howler monkey (D:5)
  A lava snake (D:7)
  2 gnoll boudas
  2 orc priests
  2 iguanas
  An orc wizard (D:6)
  8 mummies (Ossuary)
  16 gnolls
  12 adders
  A shadow imp (D:7)
  2 white imps
  An ufetubus (D:4)
  6 worms
  13 orcs
  7 ball pythons
  7 bats
  11 endoplasms
  3 giant cockroaches
  A gnoll zombie (Ossuary)
  11 goblins
  11 hobgoblins
  4 jackals (D:1)
  6 kobolds
  7 quokkas
  3 frilled lizards
  2 hobgoblin zombies (Ossuary)
  2 kobold zombies (Ossuary)
  3 orc zombies (Ossuary)
  7 rats
171 creatures vanquished.

Notes
Turn   | Place    | Note
-------+----------+-------------------------------------------
     0 | D:1      | cheesebisquit the Gargoyle Earth Elementalist began the
                  | quest for the Orb.
     0 | D:1      | Reached XP level 1. HP: 10/10 MP: 3/3
    75 | D:1      | Reached skill level 4 in Earth Magic
    75 | D:1      | Reached XP level 2. HP: 15/15 MP: 3/5
   564 | D:1      | Reached XP level 3. HP: 19/19 MP: 4/6
   980 | D:1      | Reached XP level 4. HP: 24/24 MP: 3/8
  1143 | D:1      | Found a faded altar of an unknown god.
  1314 | D:2      | Found a white marble altar of Elyvilon.
  1430 | D:2      | Found Bugg's Antique Weapon Boutique.
  1435 | D:2      | Reached skill level 5 in Earth Magic
  1930 | D:2      | Reached XP level 5. HP: 25/28 MP: 6/10
  2100 | D:3      | Identified the +7 whip "Veoduk" {drain, Dex+4}
  2243 | D:3      | Found a sacrificial altar of Ru.
  2338 | D:3      | Reached skill level 1 in Maces & Flails
  2828 | D:4      | Reached XP level 6. HP: 32/32 MP: 9/12
  2833 | D:4      | Reached skill level 6 in Earth Magic
  2837 | D:4      | Learned a level 3 spell: Stone Arrow
  2894 | D:4      | Identified the +2 leather armour of Giump {rF+ Regen+}
  3332 | D:5      | Entered Level 5 of the Dungeon
  3452 | D:5      | Reached XP level 7. HP: 36/36 MP: 6/13
  3461 | D:5      | Found a staircase to the Ecumenical Temple.
  3476 | Temple   | Entered the Ecumenical Temple
  3685 | D:5      | Found a sand-covered staircase.
  3690 | Ossuary  | Entered an ossuary
  3871 | Ossuary  | Reached skill level 7 in Earth Magic
  3943 | Ossuary  | Reached skill level 5 in Spellcasting
  4197 | D:5      | Found a hide-covered altar of Uskayaw.
  4200 | D:5      | Found a transporter.
  4467 | D:5      | Found a shadowy altar of Dithmenos.
  4472 | D:5      | Found a transporter.
  4736 | D:6      | Reached XP level 8. HP: 41/41 MP: 8/16
  4883 | D:6      | Found Teanumn's Magic Scroll Emporium.
  4888 | D:6      | Bought a scroll of identify for 28 gold pieces
  5076 | D:6      | Reached skill level 8 in Earth Magic
  5195 | D:7      | Noticed a wyvern
  5203 | D:7      | Killed a wyvern
  5204 | D:7      | Reached skill level 5 in Maces & Flails
  5569 | D:7      | Noticed Maggie
  5579 | D:7      | Killed Maggie
  5580 | D:7      | Reached skill level 9 in Earth Magic
  5580 | D:7      | Reached XP level 9. HP: 43/45 MP: 11/18
  5695 | D:7      | Found Weinitz's Armour Shoppe.
  5865 | D:7      | Noticed a troll
  5868 | D:7      | Killed a troll
  6371 | D:8      | Found a radiant altar of Vehumet.
  6373 | D:8      | Noticed a freezing wraith
  6381 | D:8      | HP: 1/45 [freezing wraith[a death knight] (22)]
  6384 | D:8      | Mangled by a freezing wraith

Illustrated notes

Levels and vault maps discovered:
D:1:      dpeg_arrival_line_fractal, layout_basic,
          shapermc_ecumenical_altar_petra
D:2:      layout_rooms, basic_altar, serial_shops, shop,
          chequers_serial_rivers_micro_e, minmay_joined_circles
D:3:      layout_rooms, nicolae_ru_sacrificial_ziggurat, minmay_distorted
D:4:      layout_rooms
D:5:      layout_loops_ring, gammafunk_temple_overflow_arena,
          mainiacjoe_overflow_cross_hatched, temple_hall,
          nicolae_ossuary_entry_false_entrances, hangedman_decor_opposing
D:6:      layout_gridville, serial_shops, nicolae_shop_hallway_plus
D:7:      layout_basic, serial_shops, nicolae_shop_crystal,
          kennysheep_flooded_box, uniq_maggie
D:8:      layout_loops_ring, chequers_temple_overflow_statue_of_worship,
          hangedman_decor_slide_cut
Temple:   nicolae_temple_god_jail

Skill      XL: |  1  2  3  4  5  6  7  8  9 |
---------------+----------------------------+-----
Earth Magic    | 4 5 6 7 9 |  9.9
Spellcasting   | 3 4 5 6 7 |  7.2
Maces & Flails | 1 2 4 5 6 |  6.6
Dodging        | |  1.5
Stealth        | |  2.1
Transmutations | |  0.7

Action                     |  1- 3 |  4- 6 |  7- 9 || total
---------------------------+-------+-------+-------++-------
  Melee: Dagger            |    11 |       |       ||    11
         Unarmed           |     3 |       |       ||     3
         Whip              |       |     6 |     5 ||    11
         Club              |       |     2 |       ||     2
   Cast: Sandblast         |    37 |   114 |   142 ||   293
    Use: Scroll            |       |    10 |    11 ||    21
         Potion            |       |       |     5 ||     5
   Stab: Sleeping          |       |     1 |       ||     1
 Armour: Robe              |     6 |    19 |       ||    25
         Leather armour    |       |     4 |    41 ||    45
  Dodge: Dodged            |    16 |    35 |    34 ||    85

Table legend: (Time is in decaauts)
 A = Elapsed time spent in this place.
 B = Non-inter-level travel time spent in this place.
 C = Inter-level travel time spent in this place.
 D = Time resting spent in this place.
 E = Time spent auto-exploring this place.
 F = Levels seen in this place.
 G = Mean time per level.
                   A        B        C        D        E       F      G
               +--------+--------+--------+--------+--------+-----+--------+
         Total |   6506 |   6242 |    264 |     76 |   5059 |  10 |  650.6 |
       Dungeon |   5994 |   5773 |    221 |     76 |   4733 |   8 |  749.2 |
        Temple |    142 |     99 |     43 |      0 |     79 |   1 |  142.0 |
       Ossuary |    369 |    369 |      0 |      0 |    247 |   1 |  369.0 |
               +--------+--------+--------+--------+--------+-----+--------+

Top non-repeatable levels by time:
     D:1: 1264 daAuts
     D:7: 1106 daAuts
     D:2: 842 daAuts
     D:5: 770 daAuts
     D:3: 714 daAuts
     D:4: 652 daAuts
     D:6: 522 daAuts
 Ossuary: 369 daAuts
  Temple: 142 daAuts
     D:8: 121 daAuts
